 Dungeon Crawl Stone Soup version 0.25-a0-665-ga69d64035b (webtiles) character file.

Game seed: 3075896099875644312, levelgen mode: deterministic

5550 kae the Destroyer (level 10, 0/49 (50) HPs)
             Began as a Tengu Air Elementalist on Mar 26, 2020.
             Was a Follower of Vehumet.
             Slain by a sky beast (6 damage)
             ... on level 9 of the Dungeon.
             The game lasted 00:14:29 (13541 turns).

kae the Destroyer (Tengu Air Elementalist)         Turns: 13541, Time: 00:14:29

HP:   0/49 (50)     AC:  3    Str:  9    XL:     10   Next: 71%
MP:   0/23          EV: 15    Int: 18    God:    Vehumet [*.....]
Gold: 166           SH:  0    Dex: 15    Spells: 10/25 levels left

rFire    . . .     SeeInvis +   a - +2 whip (flame)
rCold    . . .     Gourm    .   (no shield)
rNeg     . . .     Faith    .   e - +1 robe
rPois    .         Spirit   .   (helmet restricted)
rElec    .         Reflect  .   (no cloak)
rCorr    .         Harm     .   (no gloves)
MR       +....                  (boots unavailable)
Stlth    ++........             r - amulet of the acrobat
HPRegen  0.16/turn              h - ring of protection from magic
MPRegen  0.18/turn              m - ring of see invisible

@: flying quickly and evasively, quick
A: beak, talons 3, able to fly
a: Stop Flying, Renounce Religion


You were on level 9 of the Dungeon.
You worshipped Vehumet.
Vehumet was aware of your devotion.
You were hungry.

You visited 2 branches of the dungeon, and saw 10 of its levels.

You collected 404 gold pieces.
You spent 238 gold pieces at shops.

Inventory:

Hand Weapons
 a - a +2 whip of flaming (weapon)
 b - a +0 whip of electrocution
 i - a +0 mace
Armour
 e - a +1 robe (worn)
 E - +0 swamp dragon scales
Jewellery
 g - an uncursed ring of positive energy
 h - a ring of protection from magic (left hand)
 m - a ring of see invisible (right hand)
 r - an amulet of the acrobat (around neck)
Wands
 u - a wand of iceblast (10)
 x - a wand of scattershot (5)
 F - a wand of enslavement (6)
Scrolls
 l - 11 scrolls of remove curse
 o - a scroll of noise
 p - a scroll of magic mapping
 w - 2 scrolls of amnesia
 y - 7 scrolls of identify
 A - a scroll of fog
 D - 2 scrolls of enchant weapon {unknown}
 G - a scroll of teleportation
Potions
 d - 2 potions of might
 f - 2 potions of heal wounds
 j - a potion of magic
 k - 3 potions of berserk rage {unknown}
 n - a potion of mutation {unknown}
 q - 3 potions of curing {unknown}
 s - a potion of haste {unknown}
 t - a potion of brilliance {unknown}
 v - a potion of invisibility {unknown}
 z - a potion of cancellation {unknown}
 B - a potion of ambrosia {unknown}
 C - a potion of lignification {unknown}
Comestibles
 c - 7 rations
 H - 4 chunks of flesh


   Skills:
 - Level 2.1 Dodging
 - Level 2.0 Stealth
 + Level 8.4 Spellcasting
 + Level 12.0 Conjurations
 + Level 11.9 Air Magic


You had 10 spell levels left.
You knew the following spells:

 Your Spells              Type           Power        Failure   Level  Hunger
a - Shock                 Conj/Air       ####         1%          1    None
b - Static Discharge      Conj/Air       ######..     1%          3    None
c - Airstrike             Air            ######....   1%          4    ###....
d - Lightning Bolt        Conj/Air       ######....   1%          5    #####..
e - Swiftness             Chrm/Air       ####....     1%          2    None

Your spell library contained the following spells:

 Spells                   Type           Power        Failure   Level  Hunger
 Sandblast                Erth           #.....       10%         1    None
 Magic Dart               Conj           ####         1%          1    None
 Infusion                 Chrm           #...         10%         1    None
 Shroud of Golubria       Chrm/Tloc      #.....       14%         2    None
 Song of Slaying          Chrm           #.......     14%         2    None
 Ozocubu's Armour         Chrm/Ice       #.......     28%         3    None
 Spectral Weapon          Hex/Chrm       #.......     28%         3    None


Dungeon Overview and Level Annotations

Branches:
Dungeon (9/15)             Temple (1/1) D:5
   Lair: D:8-11         Orc: D:9-12

Altars:
Ashenzari
Cheibriados
Dithmenos
Elyvilon
Fedhas
Gozag
Hepliaklqana
Kikubaaqudgha
Makhleb
Nemelex Xobeh
Okawaru
Qazlal
Ru
Sif Muna
Trog
Uskayaw
Vehumet
Wu Jian
Xom
Yredelemnul
Zin
The Shining One

Shops:
D:7 }*?[   D:8 (


Innate Abilities, Weirdness & Mutations

You have a beak for a mouth.
You have claws for feet.
You can fly continuously.


Message History

The troll barely misses you. The troll claws you! The troll closely misses you.
The sky beast closely misses you.
Casting: Airstrike (safe; 1% risk of failure)
Confirm with . or Enter, or press ? or * to list all spells.
The air crackles with electrical energy.
The troll bites you! The troll claws you! The troll completely misses you.
The sky beast closely misses you.
The troll completely misses you. x2; The troll misses you.
The sky beast completely misses you.
Casting: Static Discharge (safe; 1% risk of failure)
Confirm with . or Enter, or press ? or * to list all spells.
The troll is struck by an arc of lightning!
The troll is almost dead.
The troll bites you but does no damage. The troll claws you.
The troll claws you!
* * * LOW HITPOINT WARNING * * *
The sky beast hits you.
* * * LOW HITPOINT WARNING * * *
The sky beast shocks you.
You die...

.รท.......
.[...#### ##.#..#
.<)### #..#..
...# + #....#
...### #....
....# #...# ....#
#...# ....# #TY.#
...## ##@..# ...#
#....# ...#
#....# ...#
#>...# ...#
#....# ##.####
#....# ##..#.#
#####...#########
....#.#
#...............#
.#....#
#.####..........#


You could see a troll and a sky beast (invisible).

Vanquished Creatures
  Erolcha (D:9)
  Pikel (D:4)
  Maggie (D:8)
  Grinder (D:5)
  2 hippogriffs
  A wyvern (D:4)
  2 hungry ghosts (D:9)
  5 orc warriors
  3 phantoms
  4 slaves (D:3)
  A black bear (D:9)
  4 necrophages (D:6)
  An ogre (D:4)
  2 centaurs (D:6)
  2 bullfrogs
  A wyvern skeleton (D:6)
  A scorpion (D:8)
  4 killer bees (D:8)
  A howler monkey (D:6)
  4 crimson imps
  A bullfrog zombie (D:5)
  5 hounds
  A quasit (D:9)
  7 orc priests
  7 orc wizards
  2 iguanas
  4 worker ants
  A hound skeleton (D:5)
  9 gnolls
  A howler monkey skeleton (D:6)
  11 adders
  3 shadow imps
  An ooze (D:3)
  2 adder skeletons
  An adder zombie (D:9)
  3 worms
  5 dart slugs
  7 leopard geckos
  42 orcs
  4 giant cockroaches
  6 goblins
  8 hobgoblins
  7 jackals (D:4)
  5 quokkas
  2 ball pythons
  7 bats
  4 frilled lizards
  A giant cockroach zombie (D:5)
  A jackal skeleton (D:8)
  6 kobolds
  A leopard gecko zombie (D:6)
  A quokka skeleton (D:5)
  2 quokka zombies (D:5)
  3 rats
213 creatures vanquished.

Vanquished Creatures (others)
  A bush (D:6)
  11 plants (D:6)
12 creatures vanquished.

Grand Total: 225 creatures vanquished

Notes
Turn   | Place    | Note
-------+----------+-------------------------------------------
     0 | D:1      | kae the Tengu Air Elementalist began the quest for the Orb.
     0 | D:1      | Reached XP level 1. HP: 10/10 MP: 4/4
   325 | D:1      | Reached skill level 2 in Conjurations
   330 | D:1      | Reached XP level 2. HP: 15/15 MP: 0/6
   741 | D:1      | Reached skill level 3 in Conjurations
   741 | D:1      | Reached XP level 3. HP: 19/19 MP: 1/7
  1590 | D:2      | Reached XP level 4. HP: 24/24 MP: 4/8
  1849 | D:2      | Found a snail-covered altar of Cheibriados.
  2175 | D:3      | Reached skill level 4 in Conjurations
  2596 | D:3      | Reached skill level 5 in Air Magic
  2850 | D:3      | Found a glowing golden altar of the Shining One.
  2850 | D:3      | Found a burning altar of Makhleb.
  2852 | D:3      | Gained mutation: You can fly continuously. [Tengu growth]
  2852 | D:3      | Reached XP level 5. HP: 28/28 MP: 8/10
  3158 | D:4      | Learned a level 3 spell: Static Discharge
  3163 | D:4      | Learned a level 4 spell: Airstrike
  3445 | D:4      | Found a sparkling altar of Nemelex Xobeh.
  3451 | D:4      | Noticed an ogre
  3452 | D:4      | Reached skill level 5 in Conjurations
  3711 | D:4      | Noticed a slave
  3711 | D:4      | Noticed a slave
  3712 | D:4      | Noticed Pikel
  3727 | D:4      | Noticed a slave
  3752 | D:4      | Noticed a slave
  3797 | D:4      | Reached XP level 6. HP: 28/32 MP: 2/11
  3807 | D:3      | Killed a slave
  3891 | D:3      | Killed a slave
  3976 | D:3      | Killed a slave
  4206 | D:3      | Killed a slave
  4710 | D:4      | Reached skill level 6 in Conjurations
  5548 | D:4      | Noticed a wyvern
  5551 | D:4      | Killed a wyvern
  5551 | D:4      | Reached XP level 7. HP: 36/36 MP: 3/14
  5748 | D:5      | Entered Level 5 of the Dungeon
  5903 | D:5      | Reached skill level 7 in Conjurations
  6462 | D:5      | Noticed Grinder
  6476 | D:5      | Found a staircase to the Ecumenical Temple.
  6491 | Temple   | Entered the Ecumenical Temple
  7101 | D:4      | Killed Pikel
  7101 | D:4      | Reached skill level 5 in Spellcasting
  7101 | D:4      | Reached skill level 8 in Conjurations
  7101 | D:4      | Reached XP level 8. HP: 31/41 MP: 0/16
  7350 | D:5      | Learned a level 5 spell: Lightning Bolt
  7353 | D:5      | Learned a level 2 spell: Swiftness
  7371 | D:5      | Paralysed by Grinder for 7 turns
  7380 | D:5      | Killed Grinder
  7598 | D:5      | Reached skill level 9 in Conjurations
  7797 | D:6      | Found a shattered altar of Ashenzari.
  7800 | D:6      | Noticed a hippogriff
  7806 | D:6      | Killed a hippogriff
  7806 | D:6      | Reached XP level 9. HP: 45/45 MP: 8/19
  8338 | D:6      | Found an ancient bone altar of Kikubaaqudgha.
  8351 | D:6      | HP: 2/45 [/static electricity (4)]
  9440 | D:6      | Found a shimmering blue altar of Sif Muna.
  9442 | D:6      | Found a radiant altar of Vehumet.
  9446 | D:6      | Identified Vehumet's Almanac of Conjuration
  9503 | D:6      | Reached skill level 10 in Conjurations
  9554 | D:6      | Became a worshipper of Vehumet
  9651 | D:6      | Reached skill level 10 in Air Magic
  9797 | D:6      | Found a blossoming altar of Fedhas.
  9867 | D:7      | Found Kaux's Magic Scroll Emporium.
  9882 | D:7      | Bought a scroll of identify for 30 gold pieces
  9882 | D:7      | Bought a scroll of identify for 30 gold pieces
  9954 | D:7      | Found Daucen's Armour Emporium.
  9963 | D:7      | Found a glowing silver altar of Zin.
 10442 | D:7      | Found Etiraj's Assorted Antiques.
 10450 | D:7      | Bought a scroll of identify for 62 gold pieces
 10450 | D:7      | Bought a golden potion for 27 gold pieces
 10450 | D:7      | Bought a bubbling green potion for 27 gold pieces
 10450 | D:7      | Bought a scroll of identify for 62 gold pieces
 10492 | D:7      | Found Ofamem's Gadget Emporium.
 11258 | D:8      | Found Goille's Antique Weapon Shop.
 11395 | D:8      | Reached * piety under Vehumet
 11395 | D:8      | Offered knowledge of Sandblast by Vehumet.
 11424 | D:8      | Reached XP level 10. HP: 47/49 MP: 5/22
 11584 | D:8      | Reached skill level 11 in Conjurations
 11725 | D:8      | Noticed Maggie
 11974 | D:8      | Found a hide-covered altar of Uskayaw.
 12301 | D:8      | Killed Maggie
 12432 | D:9      | Noticed a two-headed ogre
 12630 | D:9      | Noticed Erolcha
 12643 | D:9      | Killed Erolcha
 13282 | D:9      | Reached skill level 12 in Conjurations
 13541 | D:9      | Slain by a sky beast

Levels and vault maps discovered:
D:1:      minmay_arrival_wavy_path, layout_loops_ring
D:2:      layout_rooms, old_standard_altar, minivault_26
D:3:      layout_loops_corners, gammafunk_temple_overflow_pools, first_ration
D:4:      layout_loops_ring, nemelex_xobeh_ov_fountains_minmay, uniq_pikel
D:5:      layout_rooms, minmay_temple_entry_junction_2, serial_undead,
          serial_undead_c, serial_undead_a, serial_undead_a, serial_undead_b,
          uniq_grinder
D:6:      layout_basic, grunt_temple_overflow_magic_moments, basic_altar,
          moated_statue, fedhas_altar_decomposition
D:7:      layout_basic, zin_academy, serial_shops, shop,
          nicolae_shop_waterfront, nicolae_shop_stone,
          nicolae_shop_temple_entry_statues_fountains
D:8:      layout_loops_corners, marbit_many_paths, serial_shops, shop,
          uniq_maggie
D:9:      minmay_clustersquares, layout_rooms, basic_altar,
          ebering_ghost_disaster_area, uniq_erolcha
Temple:   dshaligram_water_room_temple

Skill      XL: |  1  2  3  4  5  6  7  8  9 10 |
---------------+-------------------------------+-----
Conjurations   | 2 3 4 5 6 8 9 10 12 | 12.0
Air Magic      | 5 6 8 9 10 11 | 11.9
Spellcasting   | 3 4 5 6 7 8 |  8.4
Dodging        | |  2.1
Stealth        | |  2.0

Action                   |  1- 3 |  4- 6 |  7- 9 | 10-12 || total
-------------------------+-------+-------+-------+-------++-------
Melee: Mace              |     1 |       |       |       ||     1
       Whip              |     1 |    69 |    64 |    25 ||   159
       Kick              |     1 |    14 |    19 |     7 ||    41
       Peck              |       |     3 |     8 |     7 ||    18
 Cast: Shock             |    56 |   135 |   222 |    70 ||   483
       Static Discharge  |       |     4 |    11 |     8 ||    23
       Airstrike         |       |     3 |    30 |    20 ||    53
       Lightning Bolt    |       |       |       |     5 ||     5
 Abil: Fly               |       |     1 |       |       ||     1
  Use: Scroll            |     4 |     6 |     7 |     1 ||    18
       Potion            |       |     2 |     2 |       ||     4
 Stab: Sleeping          |       |     1 |     1 |       ||     2
  Eat: Chunk             |     2 |    11 |    18 |     3 ||    34
       Ration            |       |     1 |     1 |     2 ||     4
Armor: Robe              |     5 |     6 |     6 |    18 ||    35
Dodge: Dodged            |    29 |    63 |    71 |    88 ||   251

Table legend:
 A = Non-vault XP
 B = Vault XP
 C = Vault XP percentage of total XP
 D = Non-vault monster count
 E = Vault monster count
 F = Vault count percentage of total count
                 A         B        C        D         E       F
            +---------+---------+-------+---------+---------+-------
      Total |    5092 |    2837 |  35.8 |     196 |      13 |   6.2
            +---------+---------+-------+---------+---------+-------
        D:1 |      72 |       0 |   0.0 |      27 |       0 |   0.0
        D:2 |      38 |       0 |   0.0 |       9 |       0 |   0.0
        D:3 |      70 |       0 |   0.0 |      17 |       0 |   0.0
        D:4 |     667 |     641 |  49.0 |      33 |       1 |   2.9
        D:5 |     450 |     297 |  39.8 |      27 |       4 |  12.9
        D:6 |    1044 |     499 |  32.3 |      21 |       5 |  19.2
        D:7 |     602 |       0 |   0.0 |      22 |       0 |   0.0
        D:8 |     886 |     390 |  30.6 |      18 |       2 |  10.0
        D:9 |    1249 |    1010 |  44.7 |      21 |       1 |   4.5
     Temple |      14 |       0 |   0.0 |       1 |       0 |   0.0
            +---------+---------+-------+---------+---------+-------
